AoeStats
← Ypsilon

Arena

509240626Analyzed
4v4 RM · 7d ago on Sep 26, 2026· 51m 42s· 8 players
Game mode
Random Map
Map size
Large (8 player)
Population
200
Speed
Normal
Resources
Standard
Victory
Conquest
Starting age
Dark Age
Ending age
Imperial Age
RankedLock teamsTeams togetherTeam positionsShared explorationLock speedFull tech treeHidden civsTurbo modeCheats
Victory
Defeat
🇮🇳 Saxons · India
1256
+15
🇨🇳 Franks · China
1244
+16
🇮🇳 Mongols · India
1228
+17
🇫🇷 Sicilians · France
1178
+18
🇺🇸 Burgundians · United States
1273
-18
🇺🇸 Italians · United States
1258
-17
🇧🇷 Tupi · Brazil
1227
-16
🇺🇸 Danes · United States
1201
-15
Kim jong-un
9:02 Loom
11:02 Feudal Age
17:05 Castle Age
15:15 Double-Bit Axe
16:11 Gold Mining
16:31 Horse Collar
18:44 Bow Saw
21:03 Scale Mail Armor
RockAxe2
10:08 Feudal Age
10:51 Feudal Age
11:18 Feudal Age
15:14 Castle Age
13:31 Double-Bit Axe
13:28 Horse Collar
14:31 Loom
17:32 Bow Saw
26:59 Scale Mail Armor
28:15 Chain Mail Armor
29:11 Forging
29:47 Squires
29:33 Arson
32:58 Wheelbarrow
33:07 Iron Casting
34:29 Heavy Plow
35:32 Town Watch
41:19 Imperial Age
39:13 Hand Cart
41:24 Town Patrol
42:24 Conscription
44:18 Shield Wall
47:17 Elite Hearth Troop
49:07 Plate Mail Armor
Madman
10:50 Feudal Age
11:59 Double-Bit Axe
12:20 Horse Collar
14:54 Castle Age
15:59 Heavy Plow
16:10 Bow Saw
21:51 Wheelbarrow
22:11 Stone Mining
22:55 Hand Cart
23:08 Gold Mining
27:21 Gold Shaft Mining
30:13 Imperial Age
27:36 Fletching
27:47 Padded Archer Armor
28:26 Ballistics
28:19 Forging
29:00 Stone Shaft Mining
29:17 Bodkin Arrow
29:22 Padded Archer Armor
29:58 Iron Casting
29:29 Scale Barding Armor
30:01 Bloodlines
29:55 Husbandry
30:38 Iron Casting
30:11 Scale Barding Armor
29:52 Light Cavalry
30:38 Loom
30:38 Town Watch
30:20 Elite Mangudai
31:21 Conscription
31:18 Bracer
31:36 Leather Archer Armor
32:29 Chemistry
32:03 Chain Barding Armor
31:22 Hussar
33:55 Blast Furnace
37:00 Heavy Camel Rider
EU _XING
10:40 Feudal Age
11:54 Double-Bit Axe
15:30 Castle Age
14:40 Gold Mining
16:44 Wheelbarrow
17:26 Bow Saw
20:52 Stone Mining
23:38 Gold Shaft Mining
24:46 Hand Cart
26:41 Loom
29:29 Imperial Age
28:41 Loom
28:41 Town Watch
29:07 Husbandry
29:19 Forging
29:14 Scale Barding Armor
30:57 Iron Casting
29:48 Cavalier
31:11 Chain Barding Armor
31:15 Ballistics
31:12 Scale Mail Armor
31:11 Paladin
32:54 Blast Furnace
32:29 Plate Barding Armor
32:45 Chain Mail Armor
33:41 Chemistry
32:22 Treadmill Crane
32:34 Fletching
32:45 Padded Archer Armor
32:45 Fletching
32:55 Padded Archer Armor
32:45 Fletching
34:00 Murder Holes
33:51 Arrowslits
34:38 Conscription
34:44 Bodkin Arrow
35:47 Leather Archer Armor
35:47 Chain Mail Armor
38:00 Plate Mail Armor
43:31 Hoardings
48:48 Elite Skirmisher
Skanderbeg
9:57 Feudal Age
14:03 Castle Age
12:25 Double-Bit Axe
13:06 Gold Mining
13:55 Loom
14:27 Horse Collar
15:09 Bow Saw
23:18 Town Watch
26:21 Wheelbarrow
25:50 Heavy Plow
28:35 Stone Mining
29:58 Hand Cart
32:44 Imperial Age
31:41 Stone Shaft Mining
31:16 Fletching
31:27 Padded Archer Armor
32:40 Ballistics
32:31 Fortified Wall
33:54 Silk Road
33:35 Bodkin Arrow
33:56 Leather Archer Armor
34:45 Two-Man Saw
34:18 Crop Rotation
34:53 Chemistry
33:49 Murder Holes
34:39 Caravan
35:42 Ring Archer Armor
35:13 Bracer
35:05 Treadmill Crane
36:13 Conscription
36:08 Masonry
37:16 Hoardings
39:39 Elite Genoese Crossbowman
41:35 Thumb Ring
42:05 Elite Skirmisher
Zenar
7:37 Double-Bit Axe
12:06 Feudal Age
11:35 Horse Collar
12:25 Loom
16:38 Castle Age
15:27 Scale Mail Armor
18:44 Forging
18:40 Squires
18:27 Arson
20:40 Chain Mail Armor
23:00 Wheelbarrow
23:10 Iron Casting
23:11 Heavy Plow
23:29 Bow Saw
24:28 Arson
26:22 Gold Mining
28:52 Hand Cart
34:15 Imperial Age
32:28 Treadmill Crane
34:03 Two-Man Saw
33:12 Cavalier
33:52 Husbandry
34:53 Paladin
36:22 Scale Barding Armor
37:18 Blast Furnace
37:08 Conscription
37:59 Light Cavalry
40:57 Chain Barding Armor
41:22 Hussar
StanTheMan
11:12 Feudal Age
15:54 Castle Age
14:22 Double-Bit Axe
14:33 Horse Collar
17:49 Bow Saw
20:47 Heavy Plow
23:39 Scale Mail Armor
25:29 Forging
27:24 Gold Mining
31:18 Chain Mail Armor
31:38 Iron Casting
33:43 Imperial Age
33:30 Gold Shaft Mining
32:40 Hamask
35:27 Wheelbarrow
34:38 Loom
34:41 Town Watch
36:06 Blast Furnace
35:36 Plate Mail Armor
34:52 Elite Varangian Guard
36:07 Pikeman
37:56 Onager
39:04 Halberdier
46:39 Hand Cart
Ypsilon
7:13 Loom
11:08 Feudal Age
12:00 Town Watch
14:44 Castle Age
17:50 Fletching
19:06 Double-Bit Axe
23:20 Bodkin Arrow
25:15 Bow Saw
25:43 Scale Mail Armor
27:32 Forging
30:06 Chain Mail Armor
30:03 Squires
31:25 Wheelbarrow
30:35 Horse Collar
31:18 Heavy Plow
31:09 Pikeman
33:18 Padded Archer Armor
34:47 Leather Archer Armor
35:17 Gold Mining
35:23 Stone Mining
36:28 Iron Casting
39:37 Imperial Age
39:48 Halberdier
42:14 Chemistry
41:15 Elite Blackwood Archer
42:16 Conscription
42:32 Bracer
Connection lost

Rejoining the realm…

Still unreachable

The connection could not be restored.

Session expired

The server has moved on; the page needs a fresh start.